 Dungeon Crawl Stone Soup version 0.22-a0-570-g58866f5 (webtiles) character file.

1728 vierth the Protected (level 8, 0/71 HPs)
             Began as a Minotaur Fighter on June 30, 2018.
             Killed from afar by an electric eel (5 damage)
             ... with a bolt of electricity
             ... on level 6 of the Dungeon.
             The game lasted 00:12:26 (5014 turns).

vierth the Protected (Minotaur Fighter)             Turns: 5014, Time: 00:12:28

Health: 0/71       AC: 12    Str: 22    XL:     8   Next: 76%
Magic:  7/7        EV:  6    Int:  5    God:
Gold:   403        SH: 10    Dex: 11    Spells: 7/7 levels left

rFire    + . .     SeeInvis +   a - +1 war axe
rCold    . . .     Gourm    .   c - +0 shield
rNeg     . . .     Faith    .   u - +1 chain mail {rF+}
rPois    .         Spirit   .   (helmet restricted)
rElec    .         Reflect  .   (no cloak)
rCorr    .         Harm     .   (no gloves)
MR       .....                  (no boots)
Stlth    ..........             q - amulet of magic regeneration
HPRegen  0.21/turn              m - ring of see invisible
MPRegen  0.35/turn              r - +3 ring of slaying

@: no status effects
A: retaliatory headbutt, horns 2
a: no special abilities


You were on level 6 of the Dungeon.
You were not hungry.

You visited 2 branches of the dungeon, and saw 7 of its levels.
You also visited: Sewer and Ossuary.

You collected 403 gold pieces.

Inventory:

Hand Weapons
 a - a +1 war axe (weapon)
Armour
 c - a +0 shield (worn)
 u - a +1 chain mail of fire resistance (worn)
Jewellery
 m - a ring of see invisible (left hand)
 q - an amulet of magic regeneration (around neck)
 r - a +3 ring of slaying (right hand)
 v - an uncursed ring of stealth {unknown}
Wands
 p - a wand of paralysis (22)
 w - a wand of iceblast (9)
Scrolls
 b - a scroll of enchant armour {unknown}
 g - 5 scrolls of teleportation
 i - 7 scrolls of identify
 l - 5 scrolls of enchant weapon
 t - a scroll of magic mapping {unknown}
Potions
 d - a potion of might
 e - 7 potions of curing
 h - 6 potions of flight {unknown}
 j - 4 potions of brilliance
 k - a potion of cancellation {unknown}
 n - a potion of mutation {unknown}
 o - 4 potions of heal wounds {unknown}
 s - 4 potions of berserk rage {unknown}
Comestibles
 f - a ration


   Skills:
 + Level 6.5 Fighting
 * Level 8.2 Axes
 * Level 8.7 Armour
 + Level 6.5 Shields


You had 7 spell levels left.
You didn't know any spells.
Your spell library contained the following spells:

 Spells                   Type           Power        Failure   Level  Hunger
 Apportation              Tloc           #.....       100%        1    ##.....
 Summon Small Mammal      Summ           #...         100%        1    ##.....
 Animate Skeleton         Necr           N/A          100%        1    ##.....
 Confusing Touch          Hex            #.....       100%        1    ##.....


Dungeon Overview and Level Annotations

Branches:
Dungeon (6/15)             Temple (1/1) D:5

Altars:
Ashenzari
Dithmenos
Elyvilon
Gozag
Kikubaaqudgha
Nemelex Xobeh
Qazlal
Ru
Sif Muna
Trog
Uskayaw
Vehumet
Wu Jian
Zin
The Shining One


Innate Abilities, Weirdness & Mutations

You reflexively headbutt those who attack you in melee.
You have a pair of horns on your head.


Message History

The electric eel completely resists.
You closely miss the electric eel. Your headbutt misses the electric eel.
The electric eel is heavily wounded.
You closely miss the electric eel.
The electric eel is heavily wounded.
You closely miss the electric eel.
The electric eel is heavily wounded.
The electric eel shoots out a bolt of lightning at you!
The bolt of electricity hits you!
* * * LOW HITPOINT WARNING * * *
The bolt of electricity hits you!
* * * LOW HITPOINT WARNING * * *
The bolt of electricity hits the electric eel.
The electric eel completely resists.
Your shield and chain mail prevent you from hitting the electric eel.
Your headbutt misses the electric eel.
The electric eel is heavily wounded.
The electric eel shoots out a bolt of lightning at you!
The bolt of electricity hits you! x2
You die...

.#########...........)..##)##
.#......))..............#...#
.#.......#..............#...#
#########################...#
..≈≈≈≈≈≈≈≈≈≈≈≈≈≈≈≈≈≈≈≈≈≈#####
.≈≈≈≈≈≈≈≈≈≈≈≈≈≈≈≈≈≈≈≈≈≈≈
..≈≈≈≈≈≈≈≈≈≈≈≈≈≈≈≈≈≈≈≈≈≈
).≈..≈.≈≈≈≈≈...≈.;≈≈≈≈..
((..............@.......
........................
(###........###..#......
#(.+......#......#...... #(.#
.....'......'...... ##(#
....#####'##......
.#.##+#.......>.....###'
.#....+.............#
.#....#.............#


You could see an electric eel.

Vanquished Creatures
  A black bear (D:5)
  A sky beast (D:5)
  2 centaurs
  4 big kobolds (D:6)
  A bullfrog (D:6)
  2 elf zombies (Ossuary)
  A wyvern zombie (D:6)
  2 scorpions
  A howler monkey (D:4)
  A centaur zombie (Ossuary)
  2 crimson imps (D:5)
  An orc wizard (D:4)
  An orc priest (D:4)
  2 jellies (D:5)
  Natasha (thrice) (D:3)
  2 worker ants
  An iguana (D:5)
  A hound skeleton (D:4)
  2 mummies (Ossuary)
  A worker ant zombie (D:6)
  6 gnolls
  An adder (D:3)
  A shadow imp (D:6)
  3 oozes
  3 adder skeletons
  4 worms
  5 leopard geckos
  3 orcs
  15 bats
  6 giant cockroaches
  35 goblins
  30 hobgoblins
  9 jackals
  6 quokkas
  2 ball pythons
  4 frilled lizards
  3 goblin zombies (Ossuary)
  13 hobgoblin zombies (Ossuary)
  2 jackal zombies (Ossuary)
  10 kobolds
  6 kobold zombies (Ossuary)
  A leopard gecko zombie (D:5)
  8 orc zombies (Ossuary)
  7 rats
  2 rat zombies (Ossuary)
217 creatures vanquished.

Notes
Turn   | Place    | Note
-------+----------+-------------------------------------------
     0 | D:1      | vierth the Minotaur Fighter began the quest for the Orb.
     0 | D:1      | Reached XP level 1. HP: 19/19 MP: 0/0
   122 | D:1      | Reached XP level 2. HP: 5/27 MP: 1/1
   703 | D:2      | Found a faded altar of an unknown god.
   728 | D:2      | Found a bloodstained altar of Trog.
   749 | D:2      | Reached XP level 3. HP: 33/33 MP: 2/2
  1553 | D:3      | Noticed Natasha
  1558 | D:3      | Killed Natasha
  1558 | D:3      | Reached XP level 4. HP: 28/40 MP: 3/3
  1805 | D:3      | Found a glowing drain.
  1816 | Sewer    | Entered a sewer
  1825 | Sewer    | Reached skill level 5 in Armour
  1976 | Sewer    | Reached XP level 5. HP: 46/46 MP: 4/4
  2182 | D:3      | Noticed Natasha
  2188 | D:3      | Killed Natasha
  2257 | D:3      | Noticed Natasha
  2263 | D:3      | Killed Natasha
  2641 | D:4      | Reached XP level 6. HP: 52/53 MP: 5/5
  2700 | D:4      | Reached skill level 5 in Axes
  2733 | D:4      | Found a glowing silver altar of Zin.
  3293 | D:5      | Entered Level 5 of the Dungeon
  3315 | D:5      | Noticed a sky beast
  3319 | D:5      | Reached skill level 5 in Fighting
  3323 | D:5      | Killed a sky beast
  3323 | D:5      | Reached skill level 5 in Shields
  3323 | D:5      | Reached XP level 7. HP: 38/61 MP: 6/6
  3365 | D:5      | Found an ancient bone altar of Kikubaaqudgha.
  3407 | D:5      | Found a sand-covered staircase.
  3416 | Ossuary  | Entered an ossuary
  3826 | D:5      | Found a staircase to the Ecumenical Temple.
  3834 | Temple   | Entered the Ecumenical Temple
  4188 | D:5      | Reached XP level 8. HP: 70/70 MP: 7/7
  4973 | D:6      | Found a sparkling altar of Nemelex Xobeh.
  5014 | D:6      | Killed from afar by an electric eel

Vault maps used:
D:1:      dpeg_arrival_castle
D:2:      bloody_trog, first_ration, chequers_ecumenical_altar_simple
D:3:      portal_sewer_entry_d, serial_glass, glass_columns_a, glass_columns_a,
          glass_columns_b, glass_columns_a, glass_columns_b, glass_columns_a,
          glass_columns_a, glass_columns_a, glass_columns_b, glass_columns_b,
          uniq_natasha
D:4:      lemuel_crystal_altar
D:5:      minmay_opposing_rooms, marbit_many_paths, temple_green,
          chequers_ossuary_entry_cave
D:6:      minmay_goblin_kobold_castle, nemelex_xobeh_ov_fountains_minmay
Temple:   minmay_freezing_vapour_temple
Sewer:    sewer_fruit_machine
Ossuary:  ossuary_tomb_1

Skill      XL: |  1  2  3  4  5  6  7  8 |
---------------+-------------------------+-----
Armour         | 4 5 6 7 8 |  8.7
Axes           | 3 4 5 6 8 |  8.2
Fighting       | 4 5 6 |  6.5
Shields        | 4 5 6 |  6.5

Action                   |  1- 3 |  4- 6 |  7- 9 || total
-------------------------+-------+-------+-------++-------
Melee: War axe           |   131 |    92 |   260 ||   483
       Headbutt          |    16 |    17 |    40 ||    73
  Use: Scroll            |     5 |       |     4 ||     9
  Eat: Ration            |     1 |     2 |     2 ||     5
Armor: Scale mail        |    43 |       |       ||    43
       Chain mail        |    36 |    74 |   106 ||   216
Dodge: Dodged            |    45 |    32 |    51 ||   128
Block: Shield            |    69 |    56 |   118 ||   243

Table legend:
 A = Spawn XP
 B = Non-spawn XP
 C = Spawn XP percentage of total XP
 D = Spawn monster count
 E = Non-spawn monster count
 F = Spawn count percentage of total count
 G = Total turns spent on level
                    A         B        C        D         E        F      G
               +---------+---------+-------+---------+---------+-------+---------
         Total |       0 |    2469 |   0.0 |       0 |     217 |   0.0 |  5014
               +---------+---------+-------+---------+---------+-------+---------
           D:1 |       0 |      35 |   0.0 |       0 |      23 |   0.0 |   703
           D:2 |       0 |      41 |   0.0 |       0 |      23 |   0.0 |   639
           D:3 |       0 |     217 |   0.0 |       0 |      18 |   0.0 |   971
           D:4 |       0 |     208 |   0.0 |       0 |      10 |   0.0 |   683
           D:5 |       0 |     625 |   0.0 |       0 |      19 |   0.0 |   688
           D:6 |       0 |     996 |   0.0 |       0 |      70 |   0.0 |   669
         Sewer |       0 |      44 |   0.0 |       0 |      15 |   0.0 |   297
       Ossuary |       0 |     303 |   0.0 |       0 |      39 |   0.0 |   342
               +---------+---------+-------+---------+---------+-------+---------
